 Dungeon Crawl Stone Soup version 0.31-a0-331-geda263fcf1 (webtiles) character file.

Game seed: 11806312186037924794

163 Ge0ff the Digger (level 5, 0/43 HPs)
             Began as an Armataur Venom Mage on July 19, 2023.
             Was an Initiate of Ashenzari.
             Succumbed to a water moccasin's poison
             ... in a sewer.
             The game lasted 00:11:57 (2865 turns).

Ge0ff the Digger (Armataur Venom Mage)              Turns: 2865, Time: 00:11:57

Health: 0/43       AC:  4    Str: 13    XL:     5   Next: 20%
Magic:  6/8        EV:  9    Int: 18    God:    Ashenzari [......]
Gold:   145        SH:  0    Dex: 10    Spells: 2/8 levels left

rFire   . . .        a - +8 dagger (venom)
rCold   . . .        (no shield)
rNeg    . . .        Q - +0 robe of the Eye in the Sky {Cun, Dev} (curse)
rPois   .            (no helmet)
rElec   .            (no cloak)
rCorr   .            (no gloves)
SInv    .            (no barding)
Will    +....        (no amulet)
Stlth   ++           R - ring of flight
HPRegen 0.27/turn    (no ring)
MPRegen 0.11/turn

%: roll
@: mighty, brilliant, lethally poisoned (0 -> -29), enlightened, flying
A: large, rugged brown scales 3, deformed body, armoured tail, roll, long
tongue, awkward tongue
a: Renounce Religion, Shatter the Chains


You were in a sewer.
You worshipped Ashenzari.
Ashenzari was noncommittal.
You visited 1 branch of the dungeon, and saw 4 of its levels.
You also visited: Sewer.

You collected 145 gold pieces.

Inventory:

Hand Weapons
 a - a +8 dagger of venom (weapon)
 b - a +0 spear
 X - a +0 rapier
Missiles
 J - 3 poisoned darts
 O - 2 silver javelins
 P - 14 stones
 U - 3 boomerangs
Armour
 G - a +0 buckler
 Q - the cursed +0 robe of the Eye in the Sky (worn) {Cun, Dev}

   It has a curse which improves the following skills: Cunning: Dodging and
   Stealth.
   Devices:   Evocations and Shapeshifting.
 W - a +0 pair of gloves
Magical Staves
 S - a staff of cold
Jewellery
 R - a ring of flight (left hand)
Talismans
 L - a beast talisman
Scrolls
 m - a scroll of revelation
 B - 2 scrolls of blinking
 C - a scroll of poison
 T - a scroll of brand weapon {unknown}
 Z - 4 scrolls of amnesia {unknown}
Potions
 z - a potion of brilliance
 K - 2 potions of magic {!q}
 M - 2 potions of might
 V - a potion of haste {!q}


   Skills:
 + Level 1.8 Fighting
 - Level 1.7 Short Blades
 - Level 1.0 Armour
 - Level 1.3(1.6) Dodging
 - Level 2.1(2.5) Stealth
 - Level 2.0 Spellcasting
 - Level 1.0 Transmutations
 - Level 3.0 Earth Magic
 - Level 2.7 Poison Magic


You had 2 spell levels left.
You knew the following spells:

 Your Spells              Type           Power      Damage    Failure   Level
k - Sting                 Tmut/Pois      48%        1d5       9%          1
v - Poisonous Vapours     Pois/Air       20%        N/A       16%         2
w - Passwall              Tmut/Erth      10%        N/A       12%         2
C - Sandblast             Erth           36%        2d10      5%          1

Your spell library contained the following spells:

 Spells                   Type           Power      Damage    Failure   Level
 Scorch                   Fire           4%         2d5       26%         2
 Stone Arrow              Conj/Erth      20%        3d8       28%         3
 Mephitic Cloud           Conj/Pois/Air  7%         N/A       36%         3
 Olgreb's Toxic Radiance  Pois           17%        N/A       50%         4
 Flame Wave               Conj/Fire      2%         2d4       87%         4
 Summon Cactus Giant      Summ           1%         N/A       100%        6


Dungeon Overview and Level Annotations

Branches:
Dungeon (4/15) Zot: 21155   Sewer (1/1) Zot: 5942
 Temple: D:4-7

Altars:
Ashenzari
Sif Muna
Zin


Innate Abilities, Weirdness & Mutations

You are completely covered in rugged brown scales. (AC +3, +7% HP)
Armour fits poorly on your strangely shaped body.
You have a long armoured tail.
You roll when moving toward enemies. (Rampage)
Your long tongue fully drains potion bottles. (2x potion effects)
Your tongue gives you trouble enunciating. (1.5x scroll delay)


Message History

It was a scroll of poison.
C - a scroll of poison What are your orders? t - Shout!
Orders for allies: a - Attack new target. r - Retreat! s - Stop attacking. g - Guard the area. f - Follow me.
Anything else - Cancel.
You shout for attention!
You hear an angry hiss.
A water moccasin comes into view.
The blast of sand hits the water moccasin but does no damage.
The blast of sand misses the water moccasin.
The water moccasin bites you.
The blast of sand misses the water moccasin.
The water moccasin bites you. The water moccasin closely misses you.
It was a potion of enlightenment.
You feel more buoyant.
You slurp down every last drop of the potion of enlightenment!
The water moccasin bites you!
You are poisoned.
The water moccasin poisons you!
You feel clever all of a sudden.
You slurp down every last drop of the potion of brilliance!
You feel very sick. The water moccasin bites you. The water moccasin bites you!
You are lethally poisoned!
The water moccasin poisons you!
It was a potion of heal wounds.
You feel much better.
You slurp down every last drop of the potion of heal wounds!
You feel very sick. The water moccasin bites you.
You are lethally poisoned!
The water moccasin poisons you!
You feel very mighty all of a sudden.
You slurp down every last drop of the potion of might!
You feel extremely sick. The water moccasin barely misses you.
You miss the water moccasin.
Your tail-slap misses the water moccasin.
You feel very sick. The water moccasin barely misses you.
The water moccasin bites you.
You are more poisoned.
The water moccasin poisons you!
You puncture the water moccasin!
The water moccasin is poisoned.
Your tail-slap misses the water moccasin.
The water moccasin is moderately wounded.
* * * LOW HITPOINT WARNING * * *
You feel extremely sick. The water moccasin barely misses you.
You die...

##...## ##☼##
#.# #☼# #○# #○#
#.#
..####.########
.°..!☼.S.@☼○°○∩#
.☼.#############


You could see a water moccasin (very poisoned).

Vanquished Creatures
  A hound (D:3)
  4 adders
  2 river rats (D:4)
  2 worms (D:2)
  2 dart slugs
  11 bats
  3 endoplasms
  4 giant cockroaches
  5 hobgoblins
  3 jackals (D:1)
  4 quokkas
  11 ball pythons
  2 frilled lizards (D:3)
  5 goblins
  5 kobolds
  6 rats
70 creatures vanquished.

Notes
Turn   | Place    | Note
-------+----------+-------------------------------------------
     0 | D:1      | Ge0ff the Armataur Venom Mage began the quest for the Orb.
     0 | D:1      | Reached XP level 1. HP: 14/14 MP: 3/3
    36 | D:1      | Reached skill level 1 in Transmutations
   111 | D:1      | Learned a level 1 spell: Sandblast
   153 | D:1      | Reached skill level 1 in Earth Magic
   312 | D:1      | Reached XP level 2. HP: 21/21 MP: 2/4
  1170 | D:2      | Reached XP level 3. HP: 28/28 MP: 3/5
  1303 | D:2      | Reached skill level 1 in Short Blades
  1381 | D:2      | Reached skill level 2 in Earth Magic
  1469 | D:2      | Reached skill level 1 in Fighting
  1519 | D:2      | Found a glowing silver altar of Zin.
  1635 | D:2      | Learned a level 2 spell: Passwall
  1730 | D:3      | Reached skill level 3 in Earth Magic
  1730 | D:3      | Reached XP level 4. HP: 31/37 MP: 3/7
  1808 | D:3      | Found a broken altar of Ashenzari.
  1829 | D:3      | Became a worshipper of Ashenzari the Shackled
  1962 | D:3      | Found a shimmering blue altar of Sif Muna.
  2633 | D:4      | Reached skill level 1 in Armour
  2680 | D:4      | Learned a level 2 spell: Poisonous Vapours
  2701 | D:4      | Reached XP level 5. HP: 42/42 MP: 5/8
  2781 | D:4      | Found a glowing drain.
  2809 | Sewer    | Entered a sewer
  2853 | Sewer    | Noticed a water moccasin
  2865 | Sewer    | Succumbed to a water moccasin's poison

Illustrated notes

Levels and vault maps discovered:
D:1:      ebering_trefoil_twist, layout_loops_ring
D:2:      layout_rooms, basic_altar
D:3:      layout_basic, nicolae_ashenzari_skybound,
          mainiacjoe_overflow_tiny_flanked
D:4:      layout_basic, gup_sewer_entry_bubbles, uniq_robin
Sewer:    sewer_big_baddie

Skill      XL: |  1  2  3  4 |
---------------+-------------+-----
Transmutations | 1 |  1.0
Earth Magic    | 1 3 |  3.0
Short Blades   | 1 |  1.7
Fighting       | 1 |  1.8
Spellcasting   | 2 |  2.0
Armour         | 1 |  1.0
Dodging        | |  1.3
Stealth        | |  2.1
Poison Magic   | |  2.7

Action                     |  1- 3 |  4- 6 || total
---------------------------+-------+-------++-------
  Melee: Unarmed           |     9 |       ||     9
         Dagger            |    39 |    22 ||    61
         Tailslap          |     8 |       ||     8
  Throw: Javelin           |       |     1 ||     1
         Stone             |       |     1 ||     1
   Cast: Sandblast         |    41 |    33 ||    74
         Sting             |     3 |     4 ||     7
 Invoke: Curse Item        |       |     1 ||     1
    Use: Scroll            |     7 |     1 ||     8
         Potion            |       |     4 ||     4
 Armour: Robe              |    25 |    12 ||    37
  Dodge: Dodged            |    29 |    15 ||    44

Table legend: (Time is in decaauts)
 A = Elapsed time spent in this place.
 B = Non-inter-level travel time spent in this place.
 C = Inter-level travel time spent in this place.
 D = Time resting spent in this place.
 E = Time spent auto-exploring this place.
 F = Levels seen in this place.
 G = Mean time per level.
                   A        B        C        D        E       F      G
               +--------+--------+--------+--------+--------+-----+--------+
         Total |   2902 |   2781 |    121 |    360 |   1689 |   5 |  580.4 |
       Dungeon |   2844 |   2723 |    121 |    360 |   1671 |   4 |  711.0 |
         Sewer |     57 |     57 |      0 |      0 |     18 |   1 |   57.0 |
               +--------+--------+--------+--------+--------+-----+--------+

Top non-repeatable levels by time:
     D:1: 1064 daAuts
     D:3: 937 daAuts
     D:2: 606 daAuts
     D:4: 235 daAuts
   Sewer: 57 daAuts
